 Dungeon Crawl Stone Soup version 0.17-a0-1393-gcb420ff (console) character file.

1422 lauthentik the Gusty (level 8, -4/44 HPs)
             Began as a Tengu Air Elementalist on June 16, 2015.
             Slain by a sky beast (6 damage)
             ... on level 6 of the Dungeon.
             The game lasted 00:45:25 (6148 turns).

lauthentik the Gusty (Tengu Air Elementalist)       Turns: 6148, Time: 00:45:26

Health: -4/44      AC:  2    Str:  9    XL:     8   Next: 72%
Magic:  10/16      EV: 15    Int: 18    God:
Gold:   334        SH:  0    Dex: 17    Spells: 4 memorised, 6 levels left

rFire  . . .     SeeInvis .     E - +3 spear
rCold  . . .     Clarity  .     B - +0 robe (curse)
rNeg   . . .     SustAt   +     (no shield)
rPois  .         Gourm    .     (helmet restricted)
rElec  .         Spirit   .     (no cloak)
rCorr  .         Warding  .     (no gloves)
rMut   .         Stasis   .     (boots unavailable)
MR     .....                    (no amulet)
Stlth  ++........               H - ring of sustain attributes
                                A - +3 ring of dexterity

@: lethally poisoned (-4 -> -5), not resistant to hostile enchantments,
unstealthy
A: beak, talons 3, able to fly 1
a: Fly


You were on level 6 of the Dungeon.
You were not hungry.

You visited 2 branches of the dungeon, and saw 7 of its levels.

You collected 334 gold pieces.

Inventory:

Hand weapons
 w - a +2 dagger of venom
 x - a +0 blowgun
 E - a +3 spear (weapon)
 I - a +1 dagger of protection
Missiles
 y - 34 poisoned needles
Armour
 a - a +0 robe
 B - a cursed +0 robe (worn)
 K - a +0 robe of magic resistance
Jewellery
 A - a +3 ring of dexterity (left hand)
 H - a ring of sustain attributes (right hand)
Scrolls
 l - a scroll of enchant weapon
 m - a scroll of recharging {unknown}
 p - a scroll of enchant armour {unknown}
 q - 4 scrolls of teleportation
 r - 2 scrolls of identify
 s - a scroll of magic mapping {unknown}
 t - a scroll of random uselessness
 v - a scroll of amnesia
 G - 2 scrolls of remove curse {unknown}
Potions
 d - 6 potions of curing
 g - a potion of might {unknown}
 h - a potion of cancellation {unknown}
 i - 4 potions of magic {unknown}
 j - 2 potions of brilliance {unknown}
 o - a potion of resistance {unknown}
 u - a potion of agility {unknown}
 z - a potion of ambrosia {unknown}
Books
 b - a book of Air

   Spells                             Type                      Level
   a - Shock                          Conjuration/Air              1
   b - Swiftness                      Charms/Air                   2
   c - Repel Missiles                 Charms/Air                   2
   d - Static Discharge               Conjuration/Air              3
   e - Lightning Bolt                 Conjuration/Air              5
Comestibles
 c - 5 bread rations
 f - 3 chunks of flesh
 k - 7 fruits
 n - 5 meat rations
 D - 2 beef jerkies
 F - 2 slices of pizza


   Skills:
 + Level 2.1 Fighting
 + Level 1.9 Short Blades
 - Level 2.0 Throwing
 + Level 5.0 Dodging
 - Level 2.1 Stealth
 + Level 5.3 Spellcasting
 + Level 5.9 Conjurations
 + Level 0.1 Charms
 + Level 7.7 Air Magic


You had 6 spell levels left.
You knew the following spells:

 Your Spells              Type           Power        Failure   Level  Hunger
a - Shock                 Conj/Air       ####         1%          1    None
b - Swiftness             Chrm/Air       ###.....     4%          2    #......
c - Static Discharge      Conj/Air       ####....     2%          3    ##.....
d - Lightning Bolt        Conj/Air       ####......   24%         5    ######.


Dungeon Overview and Level Annotations

Branches:
Dungeon (6/15)             Temple (1/1) D:4

Altars:
Ashenzari
Cheibriados
Dithmenos
Fedhas
Qazlal
Ru
Sif Muna
Trog
Yredelemnul
Zin


Innate Abilities, Weirdness & Mutations

You have a beak for a mouth.
You have claws for feet.
You can fly.


Message History

You peck the sky beast, but do no damage.
The sky beast is moderately wounded.
You feel sick. The sky beast barely misses you.
You closely miss the sky beast. You claw the sky beast.
The sky beast is moderately wounded.
The sky beast closely misses you.
You miss the sky beast. Your peck misses the sky beast.
The sky beast is moderately wounded.
The sky beast hits you. The sky beast shocks you.
* * * LOW HITPOINT WARNING * * *
The sky beast hits you.
* * * LOW HITPOINT WARNING * * *
The sky beast shocks you.
* * * LOW HITPOINT WARNING * * *
You hit the sky beast but do no damage.
The sky beast is moderately wounded.
The sky beast hits you.
* * * LOW HITPOINT WARNING * * *
The sky beast shocks you.
You die...

##### #...## #....#
########## #....#
#......... ##
#....###.........
....####.#..............
((.()))@Y...............
....###.#..####.........
( #.†.#..# #.........
#+#.#..#####'#####..
%.................
..#..#####'######.
......# #........##
.#.#+## #........'.
#.#.. #........##


You could see a sky beast.

Vanquished Creatures
  A phantom (D:5)
  2 ogres (D:5)
  A water moccasin skeleton (D:4)
  3 scorpions
  5 wights (D:6)
  2 crimson imps
  3 orc wizards
  2 hounds
  A giant frog skeleton (D:3)
  A gnoll shaman (D:5)
  A jelly (D:5)
  An orc priest (D:4)
  An iguana (D:4)
  4 worker ants
  A worker ant zombie (D:5)
  3 adders
  12 gnolls
  A shadow imp (D:6)
  An adder skeleton (D:4)
  2 worms
  14 orcs
  A ball python (D:2)
  10 bats
  7 hobgoblins
  6 jackals
  2 quokkas
  5 giant cockroaches
  4 giant geckos
  A giant gecko skeleton (D:5)
  4 giant newts
  12 goblins
  12 kobolds
  12 rats
  A spectral orc (D:5)
  A fungus (D:4)
140 creatures vanquished.

Vanquished Creatures (others)
  An orc wizard (D:6)
1 creature vanquished.

Grand Total: 141 creatures vanquished

Notes
Turn   | Place    | Note
--------------------------------------------------------------
     0 | D:1      | lauthentik the Tengu Air Elementalist began the quest for the Orb.
     0 | D:1      | Reached XP level 1. HP: 10/10 MP: 4/4
   412 | D:1      | Reached XP level 2. HP: 15/15 MP: 4/6
  1005 | D:2      | Reached XP level 3. HP: 19/19 MP: 2/7
  1009 | D:2      | Learned a level 2 spell: Swiftness
  1013 | D:2      | Learned a level 3 spell: Static Discharge
  1644 | D:3      | Reached skill level 5 in Air Magic
  1696 | D:3      | Reached XP level 4. HP: 15/24 MP: 0/8
  1840 | D:3      | Found a bloodstained altar of Trog.
  2071 | D:3      | Gained mutation: You can fly. [Tengu growth]
  2071 | D:3      | Reached XP level 5. HP: 28/28 MP: 3/10
  2919 | D:4      | Reached skill level 1 in Fighting
  2969 | D:4      | Reached skill level 1 in Throwing
  2969 | D:4      | Reached XP level 6. HP: 14/34 MP: 7/11
  3576 | D:4      | Found a staircase to the Ecumenical Temple.
  3582 | Temple   | Entered the Ecumenical Temple
  3854 | D:4      | Reached skill level 1 in Short Blades
  3854 | D:4      | Reached skill level 6 in Air Magic
  3856 | D:4      | Reached XP level 7. HP: 25/38 MP: 4/13
  4162 | D:4      | Learned a level 5 spell: Lightning Bolt
  4274 | D:5      | Entered Level 5 of the Dungeon
  4477 | D:5      | Found a stormy altar of Qazlal.
  4477 | D:5      | Found a blossoming altar of Fedhas.
  4635 | D:5      | Found a deep blue altar of Sif Muna.
  4761 | D:5      | Found a stormy altar of Qazlal.
  5053 | D:5      | Found a basalt altar of Yredelemnul.
  5164 | D:5      | Reached XP level 8. HP: 40/43 MP: 10/15
  5539 | D:6      | Reached skill level 5 in Conjurations
  5542 | D:6      | Reached skill level 7 in Air Magic
  5651 | D:6      | Reached skill level 5 in Spellcasting
  5979 | D:6      | Reached skill level 5 in Dodging
  6148 | D:6      | HP: 2/44 [sky beast (2)]
  6148 | D:6      | Slain by a sky beast

Vault maps used:
D:1:      lightli_arrival_chessboard, minivault_26, roderic_hopi_sauvastika
D:3:      kennysheep_the_goblin_king, nicolae_overflow_hidden_temple,
          first_bread, serial_bayou_crossing
D:4:      minmay_temple_entry_enclosed_plants, minmay_gold_behind_fungi
D:5:      grunt_temple_overflow_forces_of_nature,
          yredelemnul_forgotten_temple_becter, basic_altar, grunt_qazlal_clouds
D:6:      serial_shops, kennysheep_mini, uniq_sigmund
Temple:   nicolae_temple_hex_pool_5

Action                   |  1- 3 |  4- 6 |  7- 9 || total
-------------------------+-------+-------+-------++-------
Melee: Dagger            |    46 |    51 |    45 ||   142
       Trident           |       |     2 |       ||     2
       Spear             |       |       |    36 ||    36
 Fire: Blowgun           |       |     8 |    12 ||    20
 Cast: Shock             |    76 |    90 |   128 ||   294
       Swiftness         |     1 |       |       ||     1
       Static Discharge  |       |     2 |     3 ||     5
       Lightning Bolt    |       |       |     1 ||     1
  Use: Potion            |       |     2 |     1 ||     3
       Scroll            |       |       |     6 ||     6
 Stab: Sleeping          |     2 |     3 |     1 ||     6
       Distracted        |       |       |     1 ||     1
  Eat: Chunk             |     4 |     6 |     8 ||    18
       Fruit             |       |       |     1 ||     1
